Pick #1

Connor Bedard
Pick #2

Leo Carlsson
Pick #3

Adam Fantilli
Pick #4

Matvei Michkov
Pick #5

David Reinbacher
Pick #6

William Smith
Pick #7

Zachary Benson
Pick #8

Ryan Leonard
Pick #9

Gabriel Perreault
Pick #10

Axel Sandin-Pellika
Pick #11

Daniil But
Pick #12

Dalibor Dvorsky
Pick #13

Quentin Musty
Pick #14

Brayden Yager
Pick #15

Dmitry Simashev
Pick #16

Colby Barlow
Pick #17

Andrew Cristall
Pick #18

Easton Cowan
Pick #19

Jacob Fowler
Pick #20

Oliver Moore
Pick #21

Oliver Bonk
Pick #22

Tom Willander
Pick #23

Calum Ritchie
Pick #24

Tanner Molendyk
Pick #25

Gavin Brindley
Pick #26

Nate Danielson
Pick #27

Pick #28

Pick #29

Pick #30

Pick #31

Pick #32

Pick #33

Pick #34

Pick #35

Pick #36

Pick #37

Pick #38

Pick #39

Pick #40

Pick #41

Pick #42

Pick #43

Pick #44

Pick #45

Pick #46

Pick #47

Pick #48

Pick #49

Pick #50

Pick #51

Pick #52

Pick #53

Pick #54

Pick #55

Pick #56

Pick #57

Pick #58

Pick #59

Pick #60

Pick #61

Pick #62

Pick #63

Pick #64

Pick #65

Pick #66

Pick #67

Pick #68

Pick #69

Pick #70

Pick #71

Pick #72

Pick #73

Pick #74

Pick #75

Pick #76

Pick #77

Pick #78

Pick #79

Pick #80

Pick #81

Pick #82

Pick #83

Pick #84

Pick #85

Pick #86

Pick #87

Pick #88

Pick #89

Pick #90

Pick #91

Pick #92

Pick #93

Pick #94

Pick #95

Pick #96

Pick #97

Pick #98

Pick #99

Pick #100

Pick #101

Pick #102

Pick #103

Pick #104

Pick #105

Pick #106

Pick #107

Pick #108

Pick #109

Pick #110

Pick #111

Pick #112

Pick #113

Pick #114

Pick #115

Pick #116

Pick #117

Pick #118

Pick #119

Pick #120

Pick #121

Pick #122

Pick #123

Pick #124

Pick #125

Pick #126

Pick #127

Pick #128

Pick #129

Pick #130

Full Scoreboard »»

Panthers vs Oilers

Created - February 21, 2024 at 20:57

Goals
1 2 3 T
Panthers 1 0 1 2
Oilers 0 0 0 0
Shots
1 2 3 T
Panthers 13 6 9 28
Oilers 4 15 2 21

GoalsPenalties
1st period
1. Panthers , Brady Tkachuk 13 (Roope Hintz 33, Andrei Svechnikov 22) at 3:54 (PP)
Scott Mayfield (EDM) for Holding (Minor) at 2:36
Ryan Johansen (EDM) for Hooking (Minor) at 14:17
2nd period
No Goal
Charlie McAvoy (FLA) for Interference (Minor) at 16:14
3rd period
2. Panthers , Jamie Benn 11 (Reilly Smith 17, Quinn Hughes 50) at 3:32
Charlie McAvoy (FLA) for Hooking (Minor) at 5:35
Mattias Samuelsson (EDM) for Holding (Minor) at 19:41
Goalie Stats
Alexandar Georgiev (FLA), 21 saves from 21 shots - (1.000), W, 37-11-4, 60:00 minutes
Philipp Grubauer (EDM), 26 saves from 28 shots - (0.929), L, 15-9-1, 60:00 minutes
3 StarsOfficial
1 - Alexandar Georgiev (FLA)
2 - Brady Tkachuk (FLA)
3 - Jamie Benn (FLA)
Referees : Andrew Wilk and Dave Lewis
Linesman : Brendan Lewis and Brian Mach
Game Note
Aleksander Barkov is injured at 8:57 of 3rd period (Strained Right Elbow)
Finance
Level 1 -- Attendance: 6146 (94.55%) -- Ticket Income $749,812
Level 2 -- Attendance: 3951 (79.02%) -- Ticket Income $371,394
Level 3 -- Attendance: 2769 (79.11%) -- Ticket Income $207,675
Level 4 -- Attendance: 839 (100.00%) -- Ticket Income $61,247
Luxury Box -- Attendance: 1000 (100.00%) -- Ticket Income $232,000
Game was played at the Rexall Place.
Total Attendance: 14705 (87.33%)
Total Ticket Income: $1,622,128
Other Income: $405,532
Total Income: $2,027,660



Team Name Goals Shots Shots Attemp Shots Blocked PIM HIT PP PK FO%
Panthers 22872134171 / 3 (33%)051%
Oilers 02150116160 / 2 (0%)149%

Panthers
Player Name POS G A P +/- PIM HIT SHT SB MP PP MP PP SHT PK MP PK SHT FO% FOT
Aleksander BarkovC0000004018:412:1230:14054% 26
Andrei SvechnikovRW0110033021:481:2300:00025% 4
Brady TkachukLW1010072015:571:2310:0000% 0
Charlie McAvoyD0001420222:202:0100:0000% 0
Frederick GaudreauC000000119:080:0002:19025% 8
Jack HughesC0000003019:151:3800:00050% 8
Jake SandersonD0000011021:500:0001:5800% 0
Jamie BennLW1011002012:200:3400:000100% 2
Matthew TkachukLW0000001022:372:1200:0000% 0
Michael McLeodC000000108:140:0001:2500% 0
Mikael BacklundC0001001013:120:0002:33044% 9
Mike MathesonD0000002313:481:3410:0000% 0
Oliver Ekman-LarssonD0000000214:000:0001:4600% 0
Owen PowerD0000021223:381:3402:1200% 0
Quinn HughesD0111013224:222:0132:0000% 0
Reilly SmithRW0111001012:040:0001:25067% 3
Robby FabbriC000001006:490:0000:0000% 0
Roope HintzC0110002115:571:2300:00057% 23
Oilers
Player Name POS G A P +/- PIM HIT SHT SB MP PP MP PP SHT PK MP PK SHT FO% FOT
Alexander BarabanovLW0000015015:002:0100:0000% 1
Brandon HagelLW0000000016:041:5701:1400% 6
Brock BoeserRW0000010014:501:5700:0000% 0
Casey CizikasC000-1001013:140:0000:200100% 1
Dylan StromeC000-1001017:121:5702:21058% 12
Jakob SilfverbergRW0000001114:550:0001:1400% 0
Jamie DrysdaleD0000002421:181:5700:4000% 0
Josh BaileyRW0000003015:002:0110:0000% 0
Kasperi KapanenRW0000022013:410:0000:0000% 0
Mattias SamuelssonD0000241118:430:0000:0300% 0
Nikita ZaitsevD000-1000015:190:0000:0000% 0
Ondrej PalatLW000-1010014:552:0100:0000% 0
Paul StastnyC0000002016:272:0101:27071% 24
Ryan JohansenC0000220015:231:5700:34036% 22
Ryan PulockD0000001123:232:0102:5500% 0
Sam SteelC0000021013:410:0000:00047% 17
Scott MayfieldD000-1220115:360:0000:1800% 0
Vladislav GavrikovD0000011321:410:0003:1400% 0



Play-by-Play

1st period


0:01 of 1st period - Ryan Johansen wins face-off versus Aleksander Barkov in neutral zone.
0:15 of 1st period - Shot by Brandon Hagel.
0:15 of 1st period - Shot Misses the Net.
2:01 of 1st period - Reilly Smith is hit by Scott Mayfield.
2:15 of 1st period - Shot by Reilly Smith.
2:15 of 1st period - Shot Misses the Net.
2:25 of 1st period - Shot by Mikael Backlund.
2:25 of 1st period - Shot Misses the Net.
2:27 of 1st period - Shot by Mike Matheson.
2:27 of 1st period - Shot Misses the Net.
2:36 of 1st period - Minor Penalty to Scott Mayfield for Holding.
2:37 of 1st period - Aleksander Barkov wins face-off versus Brandon Hagel in Oilers zone.
2:40 of 1st period - Shot by Quinn Hughes.
2:40 of 1st period - Stopped by Philipp Grubauer without a rebound.
2:41 of 1st period - Aleksander Barkov wins face-off versus Ryan Johansen in Oilers zone.
3:00 of 1st period - Shot by Jack Hughes.
3:00 of 1st period - Shot Misses the Net.
3:02 of 1st period - Shot by Aleksander Barkov.
3:02 of 1st period - Stopped by Philipp Grubauer with a rebound.
3:04 of 1st period - Shot by Quinn Hughes.
3:04 of 1st period - Shot Misses the Net.
3:22 of 1st period - Shot by Quinn Hughes.
3:22 of 1st period - Shot Misses the Net.
3:35 of 1st period - Icing by Owen Power.
3:36 of 1st period - Roope Hintz wins face-off versus Ryan Johansen in Panthers zone.
3:50 of 1st period - Shot by Andrei Svechnikov.
3:50 of 1st period - Shot Misses the Net.
3:52 of 1st period - Shot by Roope Hintz.
3:52 of 1st period - Shot Misses the Net.
3:54 of 1st period - Shot by Brady Tkachuk.
3:54 of 1st period - Goal by Brady Tkachuk - Panthers : 1 - Oilers : 0.
3:55 of 1st period - Paul Stastny wins face-off versus Frederick Gaudreau in neutral zone.
5:02 of 1st period - Shot by Matthew Tkachuk.
5:02 of 1st period - Shot Misses the Net.
5:39 of 1st period - Icing by Charlie McAvoy.
5:40 of 1st period - Aleksander Barkov wins face-off versus Ryan Johansen in Panthers zone.
6:13 of 1st period - Shot by Ryan Johansen.
6:13 of 1st period - Shot Misses the Net.
6:25 of 1st period - Shot by Brandon Hagel.
6:25 of 1st period - Shot Blocked by Mike Matheson.
6:35 of 1st period - Shot by Dylan Strome.
6:35 of 1st period - Shot Misses the Net.
6:41 of 1st period - Shot by Dylan Strome.
6:41 of 1st period - Shot Misses the Net.
6:43 of 1st period - Shot by Nikita Zaitsev.
6:43 of 1st period - Shot Blocked by Oliver Ekman-Larsson.
6:45 of 1st period - Shot by Casey Cizikas.
6:45 of 1st period - Stopped by Alexandar Georgiev without a rebound.
6:46 of 1st period - Mikael Backlund wins face-off versus Sam Steel in Panthers zone.
6:46 of 1st period - Reilly Smith is hit by Kasperi Kapanen and loses puck.
7:28 of 1st period - Owen Power is hit by Kasperi Kapanen and loses puck.
7:45 of 1st period - Off-side.
7:46 of 1st period - Dylan Strome wins face-off versus Andrei Svechnikov in neutral zone.
7:46 of 1st period - Ryan Pulock is hit by Andrei Svechnikov and loses puck.
8:10 of 1st period - Icing by Matthew Tkachuk.
8:11 of 1st period - Aleksander Barkov wins face-off versus Ryan Johansen in Panthers zone.
8:53 of 1st period - Icing by Roope Hintz.
8:54 of 1st period - Sam Steel wins face-off versus Roope Hintz in Panthers zone.
8:55 of 1st period - Shot by Vladislav Gavrikov.
8:55 of 1st period - Stopped by Alexandar Georgiev without a rebound.
8:56 of 1st period - Roope Hintz wins face-off versus Dylan Strome in Panthers zone.
9:03 of 1st period - Shot by Jack Hughes.
9:03 of 1st period - Stopped by Philipp Grubauer without a rebound.
9:04 of 1st period - Roope Hintz wins face-off versus Sam Steel in Oilers zone.
9:11 of 1st period - Shot by Brady Tkachuk.
9:11 of 1st period - Shot Blocked by Jakob Silfverberg.
9:13 of 1st period - Shot by Jack Hughes.
9:13 of 1st period - Shot Misses the Net.
9:27 of 1st period - Shot by Roope Hintz.
9:27 of 1st period - Stopped by Philipp Grubauer without a rebound.
9:28 of 1st period - Paul Stastny wins face-off versus Aleksander Barkov in Oilers zone.
9:42 of 1st period - Shot by Alexander Barabanov.
9:42 of 1st period - Stopped by Alexandar Georgiev without a rebound.
9:43 of 1st period - Roope Hintz wins face-off versus Dylan Strome in Panthers zone.
10:46 of 1st period - Shot by Alexander Barabanov.
10:46 of 1st period - Stopped by Alexandar Georgiev without a rebound.
10:47 of 1st period - Sam Steel wins face-off versus Aleksander Barkov in Panthers zone.
10:58 of 1st period - Shot by Kasperi Kapanen.
10:58 of 1st period - Shot Blocked by Charlie McAvoy.
11:21 of 1st period - Charlie McAvoy is hit by Sam Steel and loses puck.
12:19 of 1st period - Shot by Reilly Smith.
12:19 of 1st period - Deflect By Jamie Benn.
12:19 of 1st period - Shot Misses the Net.
13:29 of 1st period - Mattias Samuelsson is hit by Brady Tkachuk and loses puck.
14:06 of 1st period - Shot by Josh Bailey.
14:06 of 1st period - Shot Misses the Net.
14:17 of 1st period - Minor Penalty to Ryan Johansen for Hooking.
14:18 of 1st period - Paul Stastny wins face-off versus Aleksander Barkov in Oilers zone.
14:45 of 1st period - Shot by Matthew Tkachuk.
14:45 of 1st period - Deflect By Aleksander Barkov.
14:45 of 1st period - Shot Misses the Net.
14:47 of 1st period - Shot by Owen Power.
14:47 of 1st period - Shot Misses the Net.
14:49 of 1st period - Shot by Owen Power.
14:49 of 1st period - Shot Blocked by Vladislav Gavrikov.
14:51 of 1st period - Shot by Aleksander Barkov.
14:51 of 1st period - Stopped by Philipp Grubauer without a rebound.
14:52 of 1st period - Casey Cizikas wins face-off versus Roope Hintz in Oilers zone.
14:52 of 1st period - Casey Cizikas is hit by Andrei Svechnikov.
15:11 of 1st period - Icing by Charlie McAvoy.
15:12 of 1st period - Roope Hintz wins face-off versus Paul Stastny in Panthers zone.
15:19 of 1st period - Dylan Strome is hit by Brady Tkachuk and loses puck.
15:24 of 1st period - Shot by Quinn Hughes.
15:24 of 1st period - Stopped by Philipp Grubauer with a rebound.
15:26 of 1st period - Shot by Quinn Hughes.
15:26 of 1st period - Shot Misses the Net.
16:00 of 1st period - Shot by Aleksander Barkov.
16:00 of 1st period - Stopped by Philipp Grubauer with a rebound.
16:04 of 1st period - Shot by Mike Matheson.
16:04 of 1st period - Stopped by Philipp Grubauer without a rebound.
16:05 of 1st period - Aleksander Barkov wins face-off versus Brandon Hagel in Oilers zone.
16:08 of 1st period - Shot by Jack Hughes.
16:08 of 1st period - Shot Misses the Net.
16:10 of 1st period - Shot by Charlie McAvoy.
16:10 of 1st period - Shot Blocked by Jamie Drysdale.
16:14 of 1st period - Shot by Aleksander Barkov.
16:14 of 1st period - Shot Blocked by Jamie Drysdale.
16:16 of 1st period - Shot by Quinn Hughes.
16:16 of 1st period - Stopped by Philipp Grubauer without a rebound.
16:17 of 1st period - Ryan Johansen wins face-off versus Mikael Backlund in Oilers zone.
16:27 of 1st period - Shot by Reilly Smith.
16:27 of 1st period - Stopped by Philipp Grubauer without a rebound.
16:28 of 1st period - Frederick Gaudreau wins face-off versus Ryan Johansen in Oilers zone.
16:29 of 1st period - Shot by Mike Matheson.
16:29 of 1st period - Stopped by Philipp Grubauer with a rebound.
16:45 of 1st period - Brandon Hagel is hit by Robby Fabbri and loses puck.
17:01 of 1st period - Off-side.
17:02 of 1st period - Sam Steel wins face-off versus Aleksander Barkov in neutral zone.
17:21 of 1st period - Nikita Zaitsev is hit by Andrei Svechnikov and loses puck.
17:40 of 1st period - Shot by Jakob Silfverberg.
17:40 of 1st period - Shot Misses the Net.
18:59 of 1st period - Icing by Owen Power.
19:00 of 1st period - Reilly Smith wins face-off versus Brandon Hagel in Panthers zone.
19:08 of 1st period - Off-side.
19:09 of 1st period - Ryan Johansen wins face-off versus Roope Hintz in neutral zone.
19:21 of 1st period - Icing by Owen Power.
19:22 of 1st period - Paul Stastny wins face-off versus Jack Hughes in Panthers zone.
19:33 of 1st period - Josh Bailey is hit by Brady Tkachuk and loses puck.
19:42 of 1st period - Shot by Roope Hintz.
19:42 of 1st period - Shot Blocked by Ryan Pulock.
19:44 of 1st period - Shot by Owen Power.
19:44 of 1st period - Stopped by Philipp Grubauer with a rebound.
19:56 of 1st period - Shot by Roope Hintz.
19:56 of 1st period - Shot Misses the Net.
Goals for this period are 1 for Panthers vs 0 for Oilers.
Shots for this period are 13 for Panthers vs 4 for Oilers.

2nd period


0:01 of 2nd period - Dylan Strome wins face-off versus Aleksander Barkov in neutral zone.
0:13 of 2nd period - Shot by Matthew Tkachuk.
0:13 of 2nd period - Shot Misses the Net.
0:28 of 2nd period - Casey Cizikas is hit by Owen Power and loses puck.
0:37 of 2nd period - Shot by Ondrej Palat.
0:37 of 2nd period - Shot Misses the Net.
0:43 of 2nd period - Shot by Dylan Strome.
0:43 of 2nd period - Deflect By Ondrej Palat.
0:43 of 2nd period - Shot Blocked by Owen Power.
2:02 of 2nd period - Icing by Brandon Hagel.
2:03 of 2nd period - Roope Hintz wins face-off versus Ryan Johansen in Oilers zone.
2:09 of 2nd period - Off-side.
2:10 of 2nd period - Paul Stastny wins face-off versus Andrei Svechnikov in neutral zone.
2:29 of 2nd period - Icing by Mattias Samuelsson.
2:30 of 2nd period - Paul Stastny wins face-off versus Roope Hintz in Oilers zone.
2:41 of 2nd period - Shot by Alexander Barabanov.
2:41 of 2nd period - Stopped by Alexandar Georgiev without a rebound.
2:42 of 2nd period - Aleksander Barkov wins face-off versus Ryan Johansen in Panthers zone.
2:42 of 2nd period - Aleksander Barkov is hit by Ryan Johansen.
2:50 of 2nd period - Shot by Andrei Svechnikov.
2:50 of 2nd period - Shot Misses the Net.
2:52 of 2nd period - Shot by Jake Sanderson.
2:52 of 2nd period - Stopped by Philipp Grubauer without a rebound.
2:53 of 2nd period - Paul Stastny wins face-off versus Roope Hintz in Oilers zone.
3:12 of 2nd period - Shot by Paul Stastny.
3:12 of 2nd period - Shot Blocked by Quinn Hughes.
3:34 of 2nd period - Shot by Josh Bailey.
3:34 of 2nd period - Stopped by Alexandar Georgiev with a rebound.
3:36 of 2nd period - Shot by Mattias Samuelsson.
3:36 of 2nd period - Shot Misses the Net.
3:38 of 2nd period - Shot by Mattias Samuelsson.
3:38 of 2nd period - Stopped by Alexandar Georgiev without a rebound.
3:39 of 2nd period - Aleksander Barkov wins face-off versus Ryan Johansen in Panthers zone.
3:50 of 2nd period - Shot by Andrei Svechnikov.
3:50 of 2nd period - Shot Misses the Net.
3:52 of 2nd period - Shot by Owen Power.
3:52 of 2nd period - Shot Misses the Net.
4:10 of 2nd period - Off-side.
4:11 of 2nd period - Dylan Strome wins face-off versus Mikael Backlund in neutral zone.
4:50 of 2nd period - Shot by Reilly Smith.
4:50 of 2nd period - Shot Misses the Net.
4:54 of 2nd period - Shot by Mikael Backlund.
4:54 of 2nd period - Shot Misses the Net.
4:56 of 2nd period - Shot by Reilly Smith.
4:56 of 2nd period - Deflect By Jamie Benn.
4:56 of 2nd period - Stopped by Philipp Grubauer without a rebound.
4:57 of 2nd period - Ryan Johansen wins face-off versus Aleksander Barkov in Oilers zone.
5:55 of 2nd period - Shot by Alexander Barabanov.
5:55 of 2nd period - Stopped by Alexandar Georgiev with a rebound.
5:57 of 2nd period - Shot by Vladislav Gavrikov.
5:57 of 2nd period - Shot Misses the Net.
6:07 of 2nd period - Shot by Paul Stastny.
6:07 of 2nd period - Deflect By Alexander Barabanov.
6:07 of 2nd period - Stopped by Alexandar Georgiev without a rebound.
6:08 of 2nd period - Roope Hintz wins face-off versus Sam Steel in Panthers zone.
6:15 of 2nd period - Quinn Hughes is hit by Sam Steel and loses puck.
6:32 of 2nd period - Shot by Brady Tkachuk.
6:32 of 2nd period - Shot Misses the Net.
6:34 of 2nd period - Shot by Jack Hughes.
6:34 of 2nd period - Shot Misses the Net.
6:52 of 2nd period - Scott Mayfield is hit by Brady Tkachuk and loses puck.
7:26 of 2nd period - Shot by Brock Boeser.
7:26 of 2nd period - Deflect By Brandon Hagel.
7:26 of 2nd period - Shot Misses the Net.
7:28 of 2nd period - Shot by Jamie Drysdale.
7:28 of 2nd period - Stopped by Alexandar Georgiev without a rebound.
7:29 of 2nd period - Mikael Backlund wins face-off versus Paul Stastny in Panthers zone.
7:55 of 2nd period - Shot by Paul Stastny.
7:55 of 2nd period - Stopped by Alexandar Georgiev without a rebound.
7:56 of 2nd period - Aleksander Barkov wins face-off versus Ryan Johansen in Panthers zone.
9:24 of 2nd period - Icing by Vladislav Gavrikov.
9:25 of 2nd period - Jack Hughes wins face-off versus Dylan Strome in Oilers zone.
9:26 of 2nd period - Shot by Brady Tkachuk.
9:26 of 2nd period - Deflect By Jack Hughes.
9:26 of 2nd period - Stopped by Philipp Grubauer without a rebound.
9:27 of 2nd period - Paul Stastny wins face-off versus Roope Hintz in Oilers zone.
9:36 of 2nd period - Shot by Roope Hintz.
9:36 of 2nd period - Stopped by Philipp Grubauer without a rebound.
9:37 of 2nd period - Ryan Johansen wins face-off versus Mikael Backlund in Oilers zone.
9:59 of 2nd period - Mikael Backlund is hit by Mattias Samuelsson and loses puck.
10:16 of 2nd period - Shot by Jamie Benn.
10:16 of 2nd period - Deflect By Reilly Smith.
10:16 of 2nd period - Shot Blocked by Mattias Samuelsson.
10:18 of 2nd period - Shot by Reilly Smith.
10:18 of 2nd period - Shot Misses the Net.
10:41 of 2nd period - Shot by Brady Tkachuk.
10:41 of 2nd period - Stopped by Philipp Grubauer without a rebound.
10:42 of 2nd period - Paul Stastny wins face-off versus Frederick Gaudreau in Oilers zone.
10:51 of 2nd period - Shot by Paul Stastny.
10:51 of 2nd period - Shot Misses the Net.
10:53 of 2nd period - Shot by Paul Stastny.
10:53 of 2nd period - Shot Misses the Net.
10:55 of 2nd period - Shot by Alexander Barabanov.
10:55 of 2nd period - Shot Blocked by Mike Matheson.
10:57 of 2nd period - Shot by Ryan Pulock.
10:57 of 2nd period - Stopped by Alexandar Georgiev without a rebound.
10:58 of 2nd period - Aleksander Barkov wins face-off versus Sam Steel in Panthers zone.
11:28 of 2nd period - Shot by Kasperi Kapanen.
11:28 of 2nd period - Shot Blocked by Charlie McAvoy.
11:30 of 2nd period - Shot by Sam Steel.
11:30 of 2nd period - Deflect By Kasperi Kapanen.
11:30 of 2nd period - Stopped by Alexandar Georgiev without a rebound.
11:31 of 2nd period - Paul Stastny wins face-off versus Roope Hintz in Panthers zone.
11:46 of 2nd period - Shot by Josh Bailey.
11:46 of 2nd period - Stopped by Alexandar Georgiev without a rebound.
11:47 of 2nd period - Dylan Strome wins face-off versus Frederick Gaudreau in Panthers zone.
12:14 of 2nd period - Shot by Dylan Strome.
12:14 of 2nd period - Shot Blocked by Mike Matheson.
12:16 of 2nd period - Shot by Ondrej Palat.
12:16 of 2nd period - Deflect By Dylan Strome.
12:16 of 2nd period - Stopped by Alexandar Georgiev without a rebound.
12:17 of 2nd period - Paul Stastny wins face-off versus Andrei Svechnikov in Panthers zone.
12:31 of 2nd period - Icing by Jake Sanderson.
12:32 of 2nd period - Aleksander Barkov wins face-off versus Sam Steel in Panthers zone.
13:02 of 2nd period - Shot by Jakob Silfverberg.
13:02 of 2nd period - Stopped by Alexandar Georgiev without a rebound.
13:03 of 2nd period - Roope Hintz wins face-off versus Paul Stastny in Panthers zone.
13:03 of 2nd period - Charlie McAvoy is hit by Alexander Barabanov and loses puck.
15:31 of 2nd period - Shot by Matthew Tkachuk.
15:31 of 2nd period - Shot Misses the Net.
16:01 of 2nd period - Icing by Quinn Hughes.
16:02 of 2nd period - Sam Steel wins face-off versus Frederick Gaudreau in Panthers zone.
16:14 of 2nd period - Minor Penalty to Charlie McAvoy for Interference.
16:15 of 2nd period - Paul Stastny wins face-off versus Mikael Backlund in Panthers zone.
16:30 of 2nd period - Shot by Josh Bailey.
16:30 of 2nd period - Stopped by Alexandar Georgiev without a rebound.
16:31 of 2nd period - Dylan Strome wins face-off versus Mikael Backlund in Panthers zone.
16:44 of 2nd period - Shot by Jamie Drysdale.
16:44 of 2nd period - Shot Blocked by Oliver Ekman-Larsson.
16:46 of 2nd period - Shot by Brock Boeser.
16:46 of 2nd period - Shot Blocked by Quinn Hughes.
16:48 of 2nd period - Shot by Jamie Drysdale.
16:48 of 2nd period - Shot Misses the Net.
17:02 of 2nd period - Shot by Ryan Johansen.
17:02 of 2nd period - Shot Misses the Net.
17:34 of 2nd period - Owen Power is hit by Ondrej Palat and loses puck.
17:42 of 2nd period - Icing by Paul Stastny.
17:43 of 2nd period - Aleksander Barkov wins face-off versus Paul Stastny in Oilers zone.
18:20 of 2nd period - Jakob Silfverberg is hit by Brady Tkachuk and loses puck.
18:29 of 2nd period - Shot by Jakob Silfverberg.
18:29 of 2nd period - Deflect By Sam Steel.
18:29 of 2nd period - Stopped by Alexandar Georgiev without a rebound.
18:30 of 2nd period - Ryan Johansen wins face-off versus Aleksander Barkov in Panthers zone.
18:31 of 2nd period - Shot by Jamie Drysdale.
18:31 of 2nd period - Stopped by Alexandar Georgiev without a rebound.
18:32 of 2nd period - Aleksander Barkov wins face-off versus Sam Steel in Panthers zone.
18:32 of 2nd period - Aleksander Barkov is hit by Mattias Samuelsson.
18:43 of 2nd period - Icing by Jake Sanderson.
18:44 of 2nd period - Ryan Johansen wins face-off versus Aleksander Barkov in Panthers zone.
18:57 of 2nd period - Shot by Andrei Svechnikov.
18:57 of 2nd period - Stopped by Philipp Grubauer without a rebound.
18:58 of 2nd period - Roope Hintz wins face-off versus Dylan Strome in Oilers zone.
19:23 of 2nd period - Shot by Roope Hintz.
19:23 of 2nd period - Shot Blocked by Vladislav Gavrikov.
Goals for this period are 0 for Panthers vs 0 for Oilers.
Shots for this period are 6 for Panthers vs 15 for Oilers.

3rd period


0:01 of 3rd period - Andrei Svechnikov wins face-off versus Sam Steel in neutral zone.
0:19 of 3rd period - Shot by Kasperi Kapanen.
0:19 of 3rd period - Deflect By Sam Steel.
0:19 of 3rd period - Shot Misses the Net.
0:29 of 3rd period - Shot by Andrei Svechnikov.
0:29 of 3rd period - Stopped by Philipp Grubauer with a rebound.
0:31 of 3rd period - Shot by Matthew Tkachuk.
0:31 of 3rd period - Stopped by Philipp Grubauer without a rebound.
0:32 of 3rd period - Paul Stastny wins face-off versus Roope Hintz in Oilers zone.
0:32 of 3rd period - Paul Stastny is hit by Brady Tkachuk.
1:28 of 3rd period - Icing by Charlie McAvoy.
1:29 of 3rd period - Ryan Johansen wins face-off versus Roope Hintz in Panthers zone.
1:29 of 3rd period - Ryan Johansen is hit by Charlie McAvoy.
1:56 of 3rd period - Icing by Jamie Drysdale.
1:57 of 3rd period - Reilly Smith wins face-off versus Brandon Hagel in Oilers zone.
1:57 of 3rd period - Oliver Ekman-Larsson is hit by Mattias Samuelsson and loses puck.
2:19 of 3rd period - Shot by Mikael Backlund.
2:19 of 3rd period - Stopped by Philipp Grubauer without a rebound.
2:20 of 3rd period - Sam Steel wins face-off versus Aleksander Barkov in Oilers zone.
2:52 of 3rd period - Shot by Aleksander Barkov.
2:52 of 3rd period - Stopped by Philipp Grubauer without a rebound.
2:53 of 3rd period - Dylan Strome wins face-off versus Reilly Smith in Oilers zone.
3:27 of 3rd period - Jamie Benn is hit by Scott Mayfield and loses puck.
3:30 of 3rd period - Shot by Reilly Smith.
3:30 of 3rd period - Shot Misses the Net.
3:32 of 3rd period - Shot by Jamie Benn.
3:32 of 3rd period - Goal by Jamie Benn - Panthers : 2 - Oilers : 0.
3:33 of 3rd period - Aleksander Barkov wins face-off versus Alexander Barabanov in neutral zone.
3:39 of 3rd period - Icing by Jamie Drysdale.
3:40 of 3rd period - Paul Stastny wins face-off versus Aleksander Barkov in Oilers zone.
4:31 of 3rd period - Icing by Andrei Svechnikov.
4:32 of 3rd period - Sam Steel wins face-off versus Aleksander Barkov in Panthers zone.
4:46 of 3rd period - Icing by Ryan Pulock.
4:47 of 3rd period - Roope Hintz wins face-off versus Sam Steel in Oilers zone.
5:21 of 3rd period - Sam Steel is hit by Quinn Hughes and loses puck.
5:35 of 3rd period - Minor Penalty to Charlie McAvoy for Hooking.
5:36 of 3rd period - Mikael Backlund wins face-off versus Dylan Strome in Panthers zone.
5:43 of 3rd period - Shot by Jamie Drysdale.
5:43 of 3rd period - Shot Blocked by Frederick Gaudreau.
6:21 of 3rd period - Shot by Ryan Johansen.
6:21 of 3rd period - Shot Misses the Net.
7:29 of 3rd period - Mikael Backlund is hit by Brock Boeser and loses puck.
8:13 of 3rd period - Icing by Kasperi Kapanen.
8:14 of 3rd period - Sam Steel wins face-off versus Roope Hintz in Oilers zone.
8:21 of 3rd period - Shot by Sam Steel.
8:21 of 3rd period - Shot Blocked by Roope Hintz.
8:51 of 3rd period - Josh Bailey is hit by Brady Tkachuk and loses puck.
8:55 of 3rd period - Icing by Vladislav Gavrikov.
8:56 of 3rd period - Aleksander Barkov wins face-off versus Paul Stastny in Oilers zone.
8:56 of 3rd period - Aleksander Barkov is hit by Vladislav Gavrikov.
8:57 of 3rd period - Aleksander Barkov from Panthers is injured at 8:57 of 3rd period (Strained Right Elbow).
8:58 of 3rd period - Jack Hughes wins face-off versus Ryan Johansen in Oilers zone.
8:58 of 3rd period - Andrei Svechnikov is hit by Mattias Samuelsson and loses puck.
9:08 of 3rd period - Ryan Johansen is hit by Jake Sanderson.
9:25 of 3rd period - Brandon Hagel is hit by Owen Power and loses puck.
10:36 of 3rd period - Shot by Mike Matheson.
10:36 of 3rd period - Shot Misses the Net.
10:51 of 3rd period - Ondrej Palat is hit by Charlie McAvoy and loses puck.
11:32 of 3rd period - Shot by Frederick Gaudreau.
11:32 of 3rd period - Stopped by Philipp Grubauer without a rebound.
11:33 of 3rd period - Jamie Benn wins face-off versus Ryan Johansen in Oilers zone.
11:38 of 3rd period - Shot by Andrei Svechnikov.
11:38 of 3rd period - Shot Misses the Net.
11:41 of 3rd period - Icing by Mattias Samuelsson.
11:42 of 3rd period - Jack Hughes wins face-off versus Ryan Johansen in Oilers zone.
11:49 of 3rd period - Shot by Andrei Svechnikov.
11:49 of 3rd period - Shot Misses the Net.
11:57 of 3rd period - Shot by Andrei Svechnikov.
11:57 of 3rd period - Stopped by Philipp Grubauer without a rebound.
11:58 of 3rd period - Jamie Benn wins face-off versus Paul Stastny in Oilers zone.
12:10 of 3rd period - Icing by Oliver Ekman-Larsson.
12:11 of 3rd period - Mikael Backlund wins face-off versus Ryan Johansen in Panthers zone.
13:17 of 3rd period - Off-side.
13:18 of 3rd period - Sam Steel wins face-off versus Jack Hughes in neutral zone.
13:21 of 3rd period - Shot by Kasperi Kapanen.
13:21 of 3rd period - Stopped by Alexandar Georgiev without a rebound.
13:22 of 3rd period - Paul Stastny wins face-off versus Jack Hughes in Panthers zone.
13:29 of 3rd period - Shot by Scott Mayfield.
13:29 of 3rd period - Shot Blocked by Owen Power.
13:41 of 3rd period - Shot by Jack Hughes.
13:41 of 3rd period - Shot Misses the Net.
13:43 of 3rd period - Shot by Andrei Svechnikov.
13:43 of 3rd period - Shot Blocked by Scott Mayfield.
13:45 of 3rd period - Shot by Matthew Tkachuk.
13:45 of 3rd period - Deflect By Jack Hughes.
13:45 of 3rd period - Stopped by Philipp Grubauer with a rebound.
13:51 of 3rd period - Shot by Jack Hughes.
13:51 of 3rd period - Shot Misses the Net.
14:45 of 3rd period - Shot by Charlie McAvoy.
14:45 of 3rd period - Shot Blocked by Jamie Drysdale.
15:45 of 3rd period - Icing by Sam Steel.
15:46 of 3rd period - Roope Hintz wins face-off versus Sam Steel in Oilers zone.
15:53 of 3rd period - Shot by Brady Tkachuk.
15:53 of 3rd period - Shot Blocked by Vladislav Gavrikov.
16:19 of 3rd period - Shot by Jack Hughes.
16:19 of 3rd period - Deflect By Brady Tkachuk.
16:19 of 3rd period - Shot Misses the Net.
17:31 of 3rd period - Shot by Josh Bailey.
17:31 of 3rd period - Deflect By Paul Stastny.
17:31 of 3rd period - Stopped by Alexandar Georgiev without a rebound.
17:32 of 3rd period - Paul Stastny wins face-off versus Frederick Gaudreau in Panthers zone.
17:40 of 3rd period - Icing by Quinn Hughes.
17:41 of 3rd period - Paul Stastny wins face-off versus Frederick Gaudreau in Panthers zone.
17:55 of 3rd period - Icing by Quinn Hughes.
17:56 of 3rd period - Frederick Gaudreau wins face-off versus Brandon Hagel in Panthers zone.
17:56 of 3rd period - Frederick Gaudreau is hit by Ryan Johansen.
18:30 of 3rd period - Shot by Michael McLeod.
18:30 of 3rd period - Stopped by Philipp Grubauer without a rebound.
18:31 of 3rd period - Roope Hintz wins face-off versus Paul Stastny in Oilers zone.
19:03 of 3rd period - Off-side.
19:04 of 3rd period - Dylan Strome wins face-off versus Jack Hughes in neutral zone.
19:11 of 3rd period - Icing by Mike Matheson.
19:12 of 3rd period - Jack Hughes wins face-off versus Ryan Johansen in Panthers zone.
19:21 of 3rd period - Shot by Jack Hughes.
19:21 of 3rd period - Shot Blocked by Jamie Drysdale.
19:41 of 3rd period - Minor Penalty to Mattias Samuelsson for Holding.
19:42 of 3rd period - Roope Hintz wins face-off versus Brandon Hagel in Oilers zone.
Goals for this period are 1 for Panthers vs 0 for Oilers.
Shots for this period are 9 for Panthers vs 2 for Oilers.